TOP OF THE 1ST |
Louisiana State Tigers batting - Pitching for Virginia Cavaliers : RHP Nick Clark
|
Pitching: RHP Nick Clark
|
|
Batting: RHB Clint Younger
|
0-0: Ball 1-0: Foul Ball, location: 2F 1-1: Fly out, F8 (Line Drive, 8LS)
|
Batting: RHB Ashton Mitchell
|
0-0: SINGLE (Line Drive, 4)
|
Batting: RHB Mike O'Brien
|
0-0: Swinging Strike 0-1: Foul Ball, location: 2F 0-2: Strikes out swinging
|
Batting: RHB Chris McBride
|
0-0: Ball 1-0: Foul Ball, location: 2F 1-1: Ball 2-1: Ball 3-1: Ground out 2-3 (Groundball, 2L)
|
Top of the 1st over - 0 run(s), 1 hit(s), 0 error(s), 1 left on base; Louisiana State 0 - Virginia 0 |
BOTTOM OF THE 1ST |
Virginia Cavaliers batting - Pitching for Louisiana State Tigers : RHP Alfredo Montalvo
|
Pitching: RHP Alfredo Montalvo
|
|
Batting: LHB John Frost
|
0-0: Called Strike 0-1: Ball 1-1: Ball 2-1: Ball 3-1: Base on Balls
|
Batting: RHB Curt Owens
|
0-0: Called Strike 0-1: Ball 1-1: Swinging Strike 1-2: Ball 2-2: Ball 3-2: Strikes out swinging
|
Batting: RHB John Warren
|
0-0: Ball John Frost steals 2nd base 1-0: Called Strike 1-1: SINGLE (Groundball, 34) John Frost to third Runner from 3rd tries for Home, SAFE, no throw or cutoff
|
Batting: LHB José Márquez
|
0-0: Called Strike 0-1: Swinging Strike 0-2: Ball 1-2: Ball 2-2: Ball 3-2: Strikes out looking
|
Batting: RHB Rafael Ornelas
|
0-0: Foul Ball, location: 2F 0-1: Swinging Strike 0-2: Reached on error, E6 (Groundball, 6M) John Warren to second
|
Batting: RHB John Dorsey
|
0-0: Ball 1-0: Called Strike 1-1: Foul Ball, location: 2F 1-2: Strikes out swinging
|
Bottom of the 1st over - 1 run(s), 1 hit(s), 1 error(s), 2 left on base; Louisiana State 0 - Virginia 1 |
TOP OF THE 2ND |
Louisiana State Tigers batting - Pitching for Virginia Cavaliers : RHP Nick Clark
|
Batting: LHB Steve Sanderson
|
0-0: Foul Ball, location: 2F 0-1: Ball 1-1: Ball 2-1: Swinging Strike 2-2: Foul Ball, location: 2F 2-2: Strikes out looking
|
Batting: LHB Joaquín Ochoa
|
0-0: Ball 1-0: Ball 2-0: DOUBLE (Line Drive, 7LS)
|
Batting: RHB Sergio Mata
|
0-0: Ball 1-0: Ball 2-0: Foul Ball, location: 2F 2-1: Called Strike 2-2: SINGLE (Groundball, 6) Joaquín Ochoa to third Runner from 3rd tries for Home, SAFE, throw made home
|
Batting: RHB George Arnold
|
0-0: Ball 1-0: Ball 2-0: Called Strike 2-1: Ball 3-1: Grounds into double play, 6-4-3 (Groundball, 6)
|
Top of the 2nd over - 1 run(s), 2 hit(s), 0 error(s), 0 left on base; Louisiana State 1 - Virginia 1 |
BOTTOM OF THE 2ND |
Virginia Cavaliers batting - Pitching for Louisiana State Tigers : RHP Alfredo Montalvo
|
Batting: RHB Ty Ford
|
0-0: Called Strike 0-1: Ball 1-1: Ball 2-1: Swinging Strike 2-2: Ball 3-2: Strikes out swinging
|
Batting: RHB Jeremy Johnston
|
0-0: Ball 1-0: Ground out 6-3 (Groundball, 6)
|
Batting: RHB Flynn Green
|
0-0: Called Strike 0-1: Ball 1-1: SINGLE (Groundball, 6)
|
Batting: LHB John Frost
|
0-0: Foul Ball, location: 2F 0-1: Ball 1-1: Swinging Strike 1-2: Ball 2-2: Foul Ball, location: 2F 2-2: Ground out 1-3 (Groundball, 13)
|
Bottom of the 2nd over - 0 run(s), 1 hit(s), 0 error(s), 1 left on base; Louisiana State 1 - Virginia 1 |
TOP OF THE 3RD |
Louisiana State Tigers batting - Pitching for Virginia Cavaliers : RHP Nick Clark
|
Batting: RHB Juan Carlos Ortega
|
0-0: Ball 1-0: Ball 2-0: Called Strike 2-1: Foul Ball, location: 2F 2-2: SINGLE (Line Drive, 7LM)
|
Batting: RHB Clint Younger
|
0-0: Swinging Strike 0-1: Ball 1-1: Foul Ball, location: 2F 1-2: Fly out, F5 (Line Drive, 5)
|
Batting: RHB Ashton Mitchell
|
0-0: Ball Juan Carlos Ortega is caught stealing 2nd base 1-0: Ball 2-0: Called Strike 2-1: Ball 3-1: Ground out 6-3 (Groundball, 6)
|
Top of the 3rd over - 0 run(s), 1 hit(s), 0 error(s), 0 left on base; Louisiana State 1 - Virginia 1 |
BOTTOM OF THE 3RD |
Virginia Cavaliers batting - Pitching for Louisiana State Tigers : RHP Alfredo Montalvo
|
Batting: RHB Curt Owens
|
0-0: Ground out 1-3 (Groundball, 25)
|
Batting: RHB John Warren
|
0-0: Foul Ball, location: 2F 0-1: Ball 1-1: Hit by Pitch
|
Batting: LHB José Márquez
|
0-0: Ball John Warren steals 2nd base 1-0: Ball 2-0: Called Strike 2-1: Swinging Strike 2-2: Strikes out looking
|
Batting: RHB Rafael Ornelas
|
0-0: Ground out 5-3 (Groundball, 5L)
|
Bottom of the 3rd over - 0 run(s), 0 hit(s), 0 error(s), 1 left on base; Louisiana State 1 - Virginia 1 |
TOP OF THE 4TH |
Louisiana State Tigers batting - Pitching for Virginia Cavaliers : RHP Nick Clark
|
Batting: RHB Mike O'Brien
|
0-0: Ball 1-0: Called Strike 1-1: Ground out 5-3 (Groundball, 5S)
|
Batting: RHB Chris McBride
|
0-0: Ground out 4-3 (Groundball, 4S)
|
Batting: LHB Steve Sanderson
|
0-0: Fly out, F7 (Flyball, 7S)
|
Top of the 4th over - 0 run(s), 0 hit(s), 0 error(s), 0 left on base; Louisiana State 1 - Virginia 1 |
|
|
BOTTOM OF THE 4TH |
Virginia Cavaliers batting - Pitching for Louisiana State Tigers : RHP Alfredo Montalvo
|
Batting: RHB John Dorsey
|
0-0: Called Strike 0-1: Ball 1-1: Called Strike 1-2: Strikes out swinging
|
Batting: RHB Ty Ford
|
0-0: SINGLE (Flyball, 6MD)
|
Batting: RHB Jeremy Johnston
|
0-0: 2-RUN HOME RUN (Flyball, 78XD), Distance : 372 ft
|
Batting: RHB Flynn Green
|
0-0: Hit by Pitch
|
Batting: LHB John Frost
|
0-0: Ball 1-0: Called Strike Flynn Green is caught stealing 2nd base 1-1: Ball 2-1: Foul Ball, location: 2F 2-2: Foul Ball, location: 2F 2-2: Foul Ball, location: 2F 2-2: Ball 3-2: SINGLE (Groundball, 5D)
|
Batting: RHB Curt Owens
|
0-0: Foul Ball, location: 2F 0-1: Ball 1-1: Called Strike 1-2: Ball 2-2: Strikes out swinging
|
Bottom of the 4th over - 2 run(s), 3 hit(s), 0 error(s), 1 left on base; Louisiana State 1 - Virginia 3 |
TOP OF THE 5TH |
Louisiana State Tigers batting - Pitching for Virginia Cavaliers : RHP Nick Clark
|
Batting: LHB Joaquín Ochoa
|
0-0: Called Strike 0-1: Ball 1-1: Called Strike 1-2: Ball 2-2: Ball 3-2: Strikes out swinging
|
Batting: RHB Sergio Mata
|
0-0: Ball 1-0: Foul Ball, location: 2F 1-1: Swinging Strike 1-2: SOLO HOME RUN (Line Drive, 78XD), Distance : 389 ft
|
Batting: RHB George Arnold
|
0-0: Foul Ball, location: 2F 0-1: Ball 1-1: SINGLE (Groundball, 4MD)
|
Batting: RHB Juan Carlos Ortega
|
0-0: Ball 1-0: Fly out, F6 (Popup, 56)
|
Batting: RHB Clint Younger
|
0-0: Foul Ball, location: 2F 0-1: Called Strike 0-2: Ball 1-2: Foul Ball, location: 2F 1-2: Foul Ball, location: 2F 1-2: Ball 2-2: Ball 3-2: Fly out, F6 (Popup, 56)
|
Top of the 5th over - 1 run(s), 2 hit(s), 0 error(s), 1 left on base; Louisiana State 2 - Virginia 3 |
BOTTOM OF THE 5TH |
Virginia Cavaliers batting - Pitching for Louisiana State Tigers : RHP Alfredo Montalvo
|
Batting: RHB John Warren
|
0-0: Foul Ball, location: 2F 0-1: Foul Ball, location: 2F 0-2: Ball 1-2: Ball 2-2: Foul Ball, location: 2F 2-2: Strikes out looking
|
Pitching: RHP Allan Brown
|
|
Batting: LHB José Márquez
|
0-0: Ball 1-0: Ball 2-0: Ground out 4-3 (Groundball, 4)
|
Batting: RHB Rafael Ornelas
|
0-0: Ball 1-0: Swinging Strike 1-1: Foul Ball, location: 2F 1-2: Ball 2-2: Ball 3-2: Foul Ball, location: 2F 3-2: Base on Balls
|
Batting: RHB John Dorsey
|
0-0: Ball 1-0: Swinging Strike 1-1: Ball 2-1: Foul Ball, location: 2F 2-2: Ball 3-2: Base on Balls Rafael Ornelas to second
|
Batting: RHB Ty Ford
|
0-0: Ball 1-0: Swinging Strike 1-1: Ball 2-1: Ball 3-1: Fly out, F7 (Flyball, 78M)
|
Bottom of the 5th over - 0 run(s), 0 hit(s), 0 error(s), 2 left on base; Louisiana State 2 - Virginia 3 |
TOP OF THE 6TH |
Louisiana State Tigers batting - Pitching for Virginia Cavaliers : RHP Nick Clark
|
Batting: RHB Ashton Mitchell
|
0-0: Called Strike 0-1: Foul Ball, location: 2F 0-2: Ball 1-2: Ball 2-2: Strikes out swinging
|
Batting: RHB Mike O'Brien
|
0-0: Ball 1-0: Swinging Strike 1-1: Ground out 4-3 (Groundball, 4)
|
Batting: RHB Chris McBride
|
0-0: SINGLE (Line Drive, 4MD)
|
Pitching: RHP Joe Hopkins
|
|
Batting: LHB Steve Sanderson
|
0-0: Ball 1-0: Ball 2-0: Ball 3-0: Base on Balls Chris McBride to second
|
Batting: LHB Joaquín Ochoa
|
0-0: Called Strike 0-1: Ball 1-1: Ground out 5-3 (Groundball, 56S)
|
Top of the 6th over - 0 run(s), 1 hit(s), 0 error(s), 2 left on base; Louisiana State 2 - Virginia 3 |
BOTTOM OF THE 6TH |
Virginia Cavaliers batting - Pitching for Louisiana State Tigers : RHP Allan Brown
|
Batting: RHB Jeremy Johnston
|
0-0: Ball 1-0: Foul Ball, location: 2F 1-1: Ball 2-1: Foul Ball, location: 2F 2-2: Ball 3-2: Foul Ball, location: 2F 3-2: Foul Ball, location: 2F 3-2: Base on Balls
|
Batting: RHB Flynn Green
|
0-0: Ball 1-0: Ball 2-0: Ball 3-0: Called Strike 3-1: Called Strike 3-2: Fly out, F8 (Flyball, 8LM)
|
Batting: LHB John Frost
|
0-0: Ball 1-0: Fly out, F8 (Line Drive, 78M)
|
Batting: RHB Curt Owens
|
0-0: Ground out 4-3 (Groundball, 4)
|
Bottom of the 6th over - 0 run(s), 0 hit(s), 0 error(s), 1 left on base; Louisiana State 2 - Virginia 3 |
TOP OF THE 7TH |
Louisiana State Tigers batting - Pitching for Virginia Cavaliers : RHP Joe Hopkins
|
Batting: RHB Sergio Mata
|
0-0: Swinging Strike 0-1: Swinging Strike 0-2: Strikes out swinging
|
Batting: RHB George Arnold
|
0-0: Called Strike 0-1: Called Strike 0-2: Foul Ball, location: 2F 0-2: Foul Ball, location: 2F 0-2: SOLO HOME RUN (Flyball, 7D), Distance : 349 ft
|
Pinch Hitting: RHB Jesús Sandoval
|
0-0: Foul Ball, location: 2F 0-1: Foul Ball, location: 2F 0-2: DOUBLE (Groundball, 5L)
|
Pinch Hitting: RHB Gary Sullivan
|
0-0: SINGLE (Line Drive, 4M) Jesús Sandoval to third
|
Batting: RHB Ashton Mitchell
|
0-0: Ball 1-0: SINGLE (Groundball, 15) (infield hit) Gary Sullivan to second
|
Batting: RHB Mike O'Brien
|
0-0: Fly out, F9 (Flyball, 9LM)
|
Batting: RHB Chris McBride
|
0-0: Ball 1-0: Ball 2-0: Foul Ball, location: 2F 2-1: Swinging Strike 2-2: Strikes out swinging
|
Top of the 7th over - 1 run(s), 4 hit(s), 0 error(s), 3 left on base; Louisiana State 3 - Virginia 3 |
BOTTOM OF THE 7TH |
Virginia Cavaliers batting - Pitching for Louisiana State Tigers : RHP Allan Brown
|
Now at 2B: Gary Sullivan
|
|
Now in RF: Jesús Sandoval
|
|
Batting: RHB John Warren
|
0-0: Called Strike 0-1: Swinging Strike 0-2: Strikes out looking
|
Pitching: RHP Emerson Catterall
|
|
Batting: LHB José Márquez
|
0-0: Called Strike 0-1: Ball 1-1: Foul Ball, location: 2F 1-2: Ball 2-2: Ball 3-2: Fly out, F9 (Flyball, 89D)
|
Batting: RHB Rafael Ornelas
|
0-0: Called Strike 0-1: Ball 1-1: Ground out 3-1 (Groundball, 34S)
|
Bottom of the 7th over - 0 run(s), 0 hit(s), 0 error(s), 0 left on base; Louisiana State 3 - Virginia 3 |
TOP OF THE 8TH |
Louisiana State Tigers batting - Pitching for Virginia Cavaliers : RHP Joe Hopkins
|
Batting: LHB Steve Sanderson
|
0-0: Called Strike 0-1: Swinging Strike 0-2: Ball 1-2: Strikes out looking
|
Batting: LHB Joaquín Ochoa
|
0-0: Ball 1-0: Ball 2-0: Foul Ball, location: 2F 2-1: Swinging Strike 2-2: Foul Ball, location: 2F 2-2: Strikes out swinging
|
Batting: RHB Sergio Mata
|
0-0: Ball 1-0: Swinging Strike 1-1: Swinging Strike 1-2: Foul Ball, location: 2F 1-2: Ball 2-2: Foul Ball, location: 2F 2-2: Foul Ball, location: 2F 2-2: Strikes out looking
|
Top of the 8th over - 0 run(s), 0 hit(s), 0 error(s), 0 left on base; Louisiana State 3 - Virginia 3 |
BOTTOM OF THE 8TH |
Virginia Cavaliers batting - Pitching for Louisiana State Tigers : RHP Emerson Catterall
|
Batting: RHB John Dorsey
|
0-0: Foul Ball, location: 2F 0-1: Ball 1-1: SOLO HOME RUN (Flyball, 7D), Distance : 362 ft
|
Batting: RHB Ty Ford
|
0-0: Foul Ball, location: 2F 0-1: Ball 1-1: Ball 2-1: Foul Ball, location: 2F 2-2: Ball 3-2: Foul Ball, location: 2F 3-2: DOUBLE (Line Drive, 8LM)
|
Pinch Hitting: RHB David Crosby
|
0-0: Intentional Walk
|
Batting: RHB Flynn Green
|
0-0: Sac Bunt - play at first, batter OUT! 1-4 Ty Ford to third David Crosby to second
|
Batting: LHB John Frost
|
0-0: Intentional Walk
|
Batting: RHB Curt Owens
|
0-0: GRAND SLAM HOME RUN (Line Drive, 78XD), Distance : 372 ft
|
Pitching: RHP Tony King
|
|
Batting: RHB John Warren
|
0-0: Called Strike 0-1: Foul Ball, location: 2F 0-2: SINGLE (Groundball, 6MD)
|
Batting: LHB José Márquez
|
0-0: Ball 1-0: Foul Ball, location: 2F 1-1: Ball 2-1: SINGLE (Groundball, 34S) John Warren to second Runner from 2nd tries for 3rd, SAFE, throw made to third
|
Batting: RHB Rafael Ornelas
|
0-0: Ball 1-0: Ball 2-0: Foul Ball, location: 2F 2-1: Foul Ball, location: 2F 2-2: Strikes out swinging
|
Batting: RHB John Dorsey
|
0-0: Ball 1-0: Fly out, F4 (Popup, 4)
|
Bottom of the 8th over - 5 run(s), 5 hit(s), 0 error(s), 2 left on base; Louisiana State 3 - Virginia 8 |
TOP OF THE 9TH |
Louisiana State Tigers batting - Pitching for Virginia Cavaliers : RHP Joe Hopkins
|
Pitching: RHP Bill Ward
|
|
Now at C: David Carter
|
|
Now at 1B: David Crosby
|
|
Batting: RHB George Arnold
|
0-0: Called Strike 0-1: Ball 1-1: SINGLE (Groundball, 56)
|
Batting: RHB Jesús Sandoval
|
0-0: Ball 1-0: Called Strike 1-1: SINGLE (Groundball, 4D) George Arnold to second Runner from 2nd tries for 3rd, SAFE, no throw or cutoff
|
Batting: RHB Gary Sullivan
|
0-0: Ball 1-0: Ball 2-0: Ground out 4-3 (Groundball, 4MS) George Arnold scores Jesús Sandoval to second
|
Batting: RHB Ashton Mitchell
|
0-0: Ball 1-0: Called Strike 1-1: DOUBLE (Groundball, 5L) Jesús Sandoval scores
|
Pitching: RHP Cal Baldwin
|
|
Batting: RHB Mike O'Brien
|
0-0: Ball 1-0: Ball 2-0: Called Strike 2-1: Ball 3-1: Base on Balls
|
Batting: RHB Chris McBride
|
0-0: Ball 1-0: Called Strike 1-1: Ball 2-1: Ground out 3-1 (Groundball, 34S) Ashton Mitchell to third Mike O'Brien to second
|
Batting: LHB Steve Sanderson
|
0-0: Ball 1-0: Ball 2-0: Foul Ball, location: 2F 2-1: Ball 3-1: Ground out 3-1 (Groundball, 34)
|
Top of the 9th over - 2 run(s), 3 hit(s), 0 error(s), 2 left on base; Louisiana State 5 - Virginia 8 |
|
|